[Event "Titled Tuesday Blitz December 20 Late 2022"]
[White "Forgacs, Attila Jr."]
[Black "Sanchez Alvares, Kelvin Antonio"]
[WhiteFideId "773654"]
[BlackFideId "3906680"]
[WhiteElo "2168"]
[BlackElo "2217"]
[Result "0-1"]
[Round "11"]
[TimeControl "180+1"]
[Date "2022.12.21"]
[WhiteClock "0:00:02"]
[BlackClock "0:01:10"]

1. e4 e5 2. Nf3 Nc6 3. Bb5 a6 4. Ba4 b5 5. Bb3 Nf6 6. O-O Nxe4 7. d4 d5 8. dxe5 Be6 9. c3 Be7 10. Nbd2 Nc5 11. Bc2 Bg4 12. h3 Bh5 13. Re1 Qd7 14. Nf1 Ne6 15. Ng3 Bg6 16. Nf5 O-O 17. Nxe7+ Nxe7 18. b4 Rfd8 19. Be3 a5 20. Nd4 axb4 21. cxb4 Nxd4 22. Bxd4 Nc6 23. Bc5 d4 24. Bxg6 hxg6 25. Qd3 Ra4 26. Qxb5 Nxb4 27. Qc4 Qd5 28. Qb3 Rda8 29. Rad1 d3 30. e6 fxe6 31. Rxe6 Qxb3 32. axb3 Ra1 33. Ree1 Nc2 34. Rxa1 Rxa1 35. Rxa1 Nxa1 36. Kf1 Nxb3 37. Bb4 c5 38. Bc3 c4 39. Ke1 g5 40. f3 Kf7 41. Bb4 g6 42. Kd1 Kf6 43. g3 Ke5 44. Bc3+ Kd5 45. Bf6 Nd4 46. Bxg5 Nxf3 47. Bf6 Ke4 48. h4 Kf5 49. Bc3 Kg4 50. Bb4 Kxg3 51. Bd6+ Kxh4 52. Kc1 Kg4 53. Bc7 Kf5 54. Ba5 Ke4 55. Bc3 g5 56. Kb2 g4 57. Ka3 g3 58. Kb4 g2 59. Bd4 Nxd4 60. Kc3 Ne2+ 61. Kb4 g1=Q 62. Kb5 c3 63. Kc4 c2 64. Kb3 Qb1+ 65. Kc4 d2 66. Kc5 d1=Q 67. Kc4 c1=Q# 0-1


[Site "https://www.chess.com"]

[Event "Titled Tuesday Blitz December 20 Late 2022"]
[White "Gasparyan, David"]
[Black "Novikova, Galina"]
[WhiteFideId "13311980"]
[BlackFideId "4157095"]
[WhiteElo "2442"]
[BlackElo "1953"]
[Result "0-1"]
[Round "11"]
[TimeControl "180+1"]
[Date "2022.12.21"]
[WhiteClock "0:00:01"]
[BlackClock "0:01:37"]

1. e4 e6 2. Nf3 d5 3. exd5 exd5 4. d4 Bg4 5. Be2 Nc6 6. c3 Qd7 7. O-O f6 8. Re1 O-O-O 9. h3 Be6 10. Bf1 Kb8 11. a4 g5 12. b4 h5 13. a5 g4 14. Nh2 gxh3 15. g3 h4 16. g4 Bd6 17. f4 Nh6 18. Bxh3 Rdg8 19. Rxe6 Qxe6 20. b5 Ne7 21. Ra2 Nxg4 22. Nxg4 f5 23. Re2 Qf7 24. Rg2 fxg4 25. Bxg4 h3 26. Rg3 Nf5 27. Rd3 Rxg4+ 28. Qxg4 Rg8 29. Rg3 Nxg3 30. Qf3 Ne4+ 31. Kf1 h2 32. b6 Rg1+ 33. Ke2 h1=Q 34. bxc7+ Bxc7 35. Qe3 Re1+ 36. Kd3 Rxe3+ 37. Bxe3 Qxb1+ 38. Ke2 Bxf4 39. Bxf4+ Qxf4 40. c4 Qc2+ 41. Ke1 Qff2# 0-1


[Site "https://www.chess.com"]

[Event "Titled Tuesday Blitz December 20 Late 2022"]
[White "Gomes, Luiz Alexandre de Souza"]
[Black "Ardila, Oscar Humberto"]
[WhiteFideId "2102790"]
[BlackFideId "4404742"]
[WhiteElo "2372"]
[BlackElo "1961"]
[Result "1-0"]
[Round "11"]
[TimeControl "180+1"]
[Date "2022.12.21"]
[WhiteClock "0:00:19"]
[BlackClock "0:00:16"]

1. e4 e5 2. Nf3 Nc6 3. Bb5 a6 4. Ba4 Nf6 5. O-O b5 6. Bb3 Be7 7. Re1 O-O 8. h3 d6 9. c3 Na5 10. Bc2 c5 11. d3 Qc7 12. Nbd2 c4 13. d4 Nc6 14. d5 Nb8 15. Nf1 Nbd7 16. Ng3 Nc5 17. Nh2 a5 18. Qf3 b4 19. Nf5 Bxf5 20. Qxf5 Qd7 21. Qf3 h6 22. Be3 Rfc8 23. Nf1 Rab8 24. Bxc5 Rxc5 25. Ne3 a4 26. cxb4 Rxb4 27. Rab1 g6 28. Rec1 Bd8 29. a3 Rb8 30. Qd1 Ra8 31. Qe2 Qc8 32. f3 Nh5 33. Qd1 Bg5 34. Kf2 c3 35. b3 axb3 36. Rxb3 Rb8 37. Rcb1 Rxb3 38. Rxb3 Kg7 39. a4 Qa6 40. Rb4 Qa7 41. Qd3 Nf4 42. Qf1 Qa5 43. Qb1 Rc7 44. Rb5 Qa7 45. Rb6 Nh5 46. Ng4 Bh4+ 47. Ke2 f5 48. exf5 Nf4+ 49. Kf1 h5 50. Ne3 Qa5 51. fxg6 Kf6 52. Rxd6+ Kg7 53. Nf5+ Kg8 54. Nxh4 Qc5 55. Rd8+ Kg7 56. Nf5+ Kf6 57. g7 Rxg7 58. Nxg7 Kxg7 59. Qb7+ Kf6 60. Qc6+ Qxc6 61. dxc6 1-0


[Site "https://www.chess.com"]

[Event "Titled Tuesday Blitz December 20 Late 2022"]
[White "Goncalves, Davi Sulzbacher"]
[Black "Melikhov, Evgeny V."]
[WhiteFideId "2154510"]
[BlackFideId "4122046"]
[WhiteElo "2182"]
[BlackElo "2169"]
[Result "1-0"]
[Round "11"]
[TimeControl "180+1"]
[Date "2022.12.21"]
[WhiteClock "0:00:58"]
[BlackClock "0:00:42"]

1. Nf3 f5 2. g3 Nf6 3. Bg2 g6 4. O-O Bg7 5. b3 O-O 6. Bb2 d6 7. d3 e5 8. Nbd2 c6 9. c4 Na6 10. Rc1 Nc7 11. Rc2 a5 12. c5 Nfd5 13. cxd6 Nb5 14. Bxe5 Bxe5 15. Nxe5 Qxd6 16. Ndc4 Qf6 17. a4 Na3 18. Bxd5+ cxd5 19. Nxa3 Qxe5 20. d4 Qe7 21. Nb5 f4 22. Rc7 Qg5 23. Qc1 Bh3 24. Re1 fxg3 25. hxg3 Qf6 26. Qf4 Qxf4 27. gxf4 Rxf4 28. f3 Rf7 29. Rec1 Re8 30. Rxf7 Kxf7 31. Nd6+ Ke7 32. Nxe8 Kxe8 33. Rc7 h5 34. Rxb7 Bf5 35. Rb5 1-0


[Site "https://www.chess.com"]

[Event "Titled Tuesday Blitz December 20 Late 2022"]
[White "Gonzalez, Francisco Silva"]
[Black "Torres Dominguez, David"]
[WhiteFideId "1512285"]
[BlackFideId "2220857"]
[WhiteElo "2220"]
[BlackElo "2037"]
[Result "1-0"]
[Round "11"]
[TimeControl "180+1"]
[Date "2022.12.21"]
[WhiteClock "0:01:30"]
[BlackClock "0:00:01"]

1. d4 e5 2. dxe5 d6 3. Nf3 Bg4 4. Bg5 Qd7 5. Nbd2 Nc6 6. exd6 Bxd6 7. h3 Bh5 8. Ne4 Bb4+ 9. c3 Qxd1+ 10. Rxd1 Ba5 11. Nc5 Bb6 12. Nd7 f6 13. Bf4 O-O-O 14. Nxb6+ axb6 15. Rxd8+ Nxd8 16. e3 Ne6 17. Bh2 Ne7 18. Nd4 Nc5 19. Bc4 Na4 20. Be6+ Kb8 21. Nb5 Nxb2 22. Bxc7+ Ka8 23. Bxb6 Nd3+ 24. Kf1 Ne5 25. f3 Bf7 26. Ke2 Bxe6 27. Nc7+ Kb8 28. Nxe6 Rc8 29. Bd4 g6 30. Rb1 N7c6 31. Nc5 Nxd4+ 32. cxd4 Nc4 33. Rxb7+ Ka8 34. Rb4 1-0


[Site "https://www.chess.com"]

[Event "Titled Tuesday Blitz December 20 Late 2022"]
[White "Goroshkov, Maksym"]
[Black "Vega Gutierrez, Sabrina"]
[WhiteFideId "14142716"]
[BlackFideId "2219026"]
[WhiteElo "2258"]
[BlackElo "2261"]
[Result "1-0"]
[Round "11"]
[TimeControl "180+1"]
[Date "2022.12.20"]
[WhiteClock "0:00:31"]
[BlackClock "0:00:01"]

1. e4 c5 2. d4 cxd4 3. c3 Nf6 4. e5 Nd5 5. Bc4 e6 6. cxd4 d6 7. exd6 Bxd6 8. Nf3 O-O 9. O-O b6 10. Nc3 Nxc3 11. bxc3 Ba6 12. Bxa6 Nxa6 13. Ng5 Be7 14. Nxh7 Kxh7 15. Qd3+ Kg8 16. Qxa6 Qc7 17. Qd3 Rac8 18. Bd2 Qc4 19. Qxc4 Rxc4 20. Rfc1 Ba3 21. Rcb1 Rd8 22. Kf1 Rd5 23. Ke2 b5 24. Rb3 Ra4 25. Rab1 a6 26. Kd3 f6 27. f4 Kf7 28. Be3 Ke7 29. g4 Kd7 30. h4 Ke7 31. h5 Kf7 32. Rg1 Bd6 33. Rg2 Be7 34. Rh2 Bf8 35. g5 Kg8 36. gxf6 gxf6 37. Rbb2 Rd7 38. Rbg2+ Rg7 39. f5 exf5 40. Bh6 Rxg2 41. Rxg2+ Kf7 42. Bxf8 Kxf8 43. h6 1-0


[Site "https://www.chess.com"]

[Event "Titled Tuesday Blitz December 20 Late 2022"]
[White "Gubajdullin, Alexei"]
[Black "Przybylski, Wojciech"]
[WhiteFideId "4141202"]
[BlackFideId "1117599"]
[WhiteElo "2251"]
[BlackElo "2217"]
[Result "1-0"]
[Round "11"]
[TimeControl "180+1"]
[Date "2022.12.20"]
[WhiteClock "0:01:37"]
[BlackClock "0:02:03"]

1. d4 Nf6 2. Nf3 e6 3. Bf4 d5 4. e3 Bd6 5. Bg3 O-O 6. Nbd2 b6 7. Ne5 Bb7 8. f4 Ne4 9. Nxe4 dxe4 10. Qh5 f6 11. Bc4 Qe7 12. f5 Bd5 13. Bxd5 exd5 14. Ng6 Qf7 15. Bxd6 cxd6 16. O-O Rc8 17. Rf4 Nc6 18. Qxh7+ 1-0


[Site "https://www.chess.com"]

[Event "Titled Tuesday Blitz December 20 Late 2022"]
[White "Hambleton, Aman"]
[Black "Izeta Txabarri, Felix"]
[WhiteFideId "2606577"]
[BlackFideId "2200260"]
[WhiteElo "2538"]
[BlackElo "2474"]
[Result "1-0"]
[Round "11"]
[TimeControl "180+1"]
[Date "2022.12.21"]
[WhiteClock "0:00:02"]
[BlackClock "0:00:02"]

1. d4 Nf6 2. Be3 d5 3. Nf3 Bf5 4. g3 e6 5. Bg2 Be7 6. c3 O-O 7. O-O Nbd7 8. Nbd2 c5 9. Bg5 h6 10. Bxf6 Nxf6 11. a3 Rc8 12. Rc1 Qb6 13. b4 cxd4 14. cxd4 Ne4 15. Nxe4 Bxe4 16. Qd2 Rc4 17. Ne5 Rxd4 18. Qc3 Bxg2 19. Kxg2 Rd8 20. e3 Re4 21. Nf3 Rc4 22. Qb2 Rdc8 23. Rxc4 dxc4 24. Rc1 Bf6 25. Qe2 c3 26. Rc2 Qc6 27. e4 Qc4 28. Qxc4 Rxc4 29. e5 Be7 30. Kf1 a5 31. bxa5 Bxa3 32. Ke2 Bb2 33. Kd3 Ra4 34. Nd4 Rxa5 35. f4 Ra1 36. Nb5 Kf8 37. Kc4 Rh1 38. Nxc3 Bxc3 39. Kxc3 1-0


[Site "https://www.chess.com"]

[Event "Titled Tuesday Blitz December 20 Late 2022"]
[White "Haydon, David L"]
[Black "Zakhartsov, Vladimir"]
[WhiteFideId "415405"]
[BlackFideId "4145097"]
[WhiteElo "2318"]
[BlackElo "2535"]
[Result "0-1"]
[Round "11"]
[TimeControl "180+1"]
[Date "2022.12.20"]
[WhiteClock "0:00:49"]
[BlackClock "0:00:47"]

1. e4 c5 2. Nf3 Nc6 3. d4 cxd4 4. Nxd4 Nf6 5. Nxc6 bxc6 6. Bd3 d5 7. exd5 cxd5 8. O-O e5 9. Nc3 Bc5 10. Bb5+ Bd7 11. Bg5 Bxb5 12. Bxf6 gxf6 13. Nxb5 O-O 14. Nc3 d4 15. Ne4 Be7 16. Ng3 Kh8 17. Nf5 Rg8 18. c3 Rg5 19. Qf3 Bc5 20. cxd4 Bxd4 21. Rad1 Rb8 22. Nxd4 exd4 23. b3 Rb6 24. Rd3 Rd6 25. Rfd1 a5 26. h4 Re5 27. Rc1 h5 28. g3 Kg7 29. Rc4 Kg6 30. Kg2 f5 31. Rc6 Ree6 32. Rc5 Rf6 33. Qf4 Kh7 34. Rxf5 Qa8+ 35. Kh2 Qc6 36. Rxh5+ Kg8 37. Rg5+ Kf8 38. Qd2 Qe4 39. b4 axb4 40. Rb3 d3 41. Rxb4 Qe2 42. Rb2 Rxf2+ 0-1


[Site "https://www.chess.com"]

[Event "Titled Tuesday Blitz December 20 Late 2022"]
[White "Indjic, Aleksandar"]
[Black "Renjith, Sravan"]
[WhiteFideId "911925"]
[BlackFideId "4306783"]
[WhiteElo "2616"]
[BlackElo "2072"]
[Result "1-0"]
[Round "11"]
[TimeControl "180+1"]
[Date "2022.12.20"]
[WhiteClock "0:00:47"]
[BlackClock "0:00:08"]

1. e4 e5 2. d4 exd4 3. c3 d5 4. exd5 Qxd5 5. cxd4 Nf6 6. Nc3 Bb4 7. Nf3 O-O 8. Be2 Ne4 9. Bd2 Bxc3 10. bxc3 Nxd2 11. Qxd2 Bf5 12. O-O Nc6 13. c4 Qd6 14. Rfe1 Rad8 15. d5 Ne5 16. Nxe5 Qxe5 17. Bg4 Qf6 18. Bxf5 Qxf5 19. Qb4 b6 20. Re7 Rd7 21. Rae1 a5 22. Qa3 h6 23. h3 Rfd8 24. Re8+ Rxe8 25. Rxe8+ Kh7 26. Qf8 Qf4 27. Qg8+ Kg6 28. Re3 Rd6 29. Rg3+ Kh5 30. Rg4 Qc1+ 31. Kh2 Qc3 32. Qxf7+ g6 33. Rh4+ Kxh4 34. Qf4+ Kh5 35. Qg4# 1-0


[Site "https://www.chess.com"]

[Event "Titled Tuesday Blitz December 20 Late 2022"]
[White "Janaszak, Dawid"]
[Black "Fernandez De La Vara, Arnaldo"]
[WhiteFideId "1119206"]
[BlackFideId "3518388"]
[WhiteElo "2220"]
[BlackElo "2387"]
[Result "0-1"]
[Round "11"]
[TimeControl "180+1"]
[Date "2022.12.20"]
[WhiteClock "0:00:06"]
[BlackClock "0:00:09"]

1. d4 c5 2. dxc5 Nf6 3. Nc3 Qa5 4. g3 Ne4 5. Bd2 Nxd2 6. Qxd2 Qxc5 7. Bg2 Nc6 8. Nf3 g6 9. Nd5 Qd6 10. O-O Bg7 11. c3 O-O 12. Rad1 Qb8 13. Qg5 Re8 14. h4 d6 15. h5 Be6 16. hxg6 hxg6 17. Qh4 Bxd5 18. Rxd5 e6 19. Rd2 d5 20. e4 dxe4 21. Qxe4 Qc7 22. Rfd1 Rad8 23. Qh4 Rxd2 24. Rxd2 Qe7 25. Qxe7 Rxe7 26. Ng5 Bh6 27. Bxc6 Bxg5 28. Rd8+ Kg7 29. Bf3 b6 30. Be2 Bc1 31. b3 Rc7 32. c4 Kf6 33. Bf3 Ba3 34. Rb8 Rd7 35. Rb7 Rd2 36. Rxa7 Bc5 37. Bc6 Rxf2 38. Kh1 Kg5 39. Be8 Kg4 40. Rxf7 Rxa2 41. Rg7 g5 42. Bd7 Be3 43. Bxe6+ Kxg3 0-1


[Site "https://www.chess.com"]

[Event "Titled Tuesday Blitz December 20 Late 2022"]
[White "Jaracz, Pawel"]
[Black "Sebag, Marie"]
[WhiteFideId "1102222"]
[BlackFideId "617822"]
[WhiteElo "2460"]
[BlackElo "2440"]
[Result "0-1"]
[Round "11"]
[TimeControl "180+1"]
[Date "2022.12.20"]
[WhiteClock "0:00:07"]
[BlackClock "0:00:25"]

1. Nf3 d5 2. e3 c6 3. c4 Nf6 4. Nc3 e6 5. b3 Nbd7 6. Bb2 Bd6 7. g3 O-O 8. Bg2 e5 9. O-O e4 10. Nd4 Ne5 11. cxd5 cxd5 12. Ncb5 Bb8 13. f4 Nd3 14. Ba3 Re8 15. h3 a6 16. Nc3 Ba7 17. Nce2 h5 18. Nc1 Bxd4 19. exd4 Qb6 20. Nxd3 exd3 21. Bc5 Qc7 22. Re1 Bf5 23. Re5 Be4 24. Bf1 g6 25. Rc1 Nd7 26. Rxe8+ Rxe8 27. Qe1 Nxc5 28. Rxc5 Qd8 29. Qf2 Qf6 30. Rc3 b5 31. b4 Qd6 32. a3 a5 33. Rc5 axb4 34. axb4 Qa6 35. Qe1 Qa4 36. Qb1 Ra8 37. Bxd3 Bxd3 38. Qxd3 Qd1+ 39. Kf2 Ra1 0-1


[Site "https://www.chess.com"]

[Event "Titled Tuesday Blitz December 20 Late 2022"]
[White "Jimenez Almeida, Luis David"]
[Black "Bas Mas, Jose Joaquin"]
[WhiteFideId "22242244"]
[BlackFideId "22219064"]
[WhiteElo "2158"]
[BlackElo "2233"]
[Result "0-1"]
[Round "11"]
[TimeControl "180+1"]
[Date "2022.12.21"]
[WhiteClock "0:00:12"]
[BlackClock "0:00:16"]

1. e4 c5 2. f3 g6 3. Nc3 Bg7 4. Bc4 Nc6 5. d3 a6 6. Be3 b5 7. Bb3 Nd4 8. Nh3 e6 9. Ng5 Ne7 10. O-O O-O 11. a4 b4 12. Ne2 Nxb3 13. cxb3 d6 14. Rb1 h6 15. Nh3 a5 16. Nef4 Ba6 17. Qd2 Kh7 18. d4 Bxf1 19. Kxf1 cxd4 20. Bxd4 e5 21. Be3 exf4 22. Bxf4 d5 23. exd5 Qxd5 24. Rc1 Qxd2 25. Bxd2 Bxb2 26. Rc7 Nd5 27. Rd7 Rad8 28. Ra7 Bc3 29. Bc1 Kg7 30. Rxa5 Rfe8 31. Nf4 Ne3+ 32. Ke2 Nc4+ 33. Ne6+ Rxe6+ 34. Be3 Rxe3+ 35. Kf2 Nxa5 36. Kxe3 Nxb3 37. g4 Na5 38. h4 h5 39. g5 b3 40. f4 b2 41. Ke4 b1=Q+ 42. Kf3 Qd3+ 43. Kf2 Re8 44. f5 Re2+ 45. Kf1 Qf3+ 46. Kg1 Qg3+ 47. Kf1 Qg2# 0-1


[Site "https://www.chess.com"]

[Event "Titled Tuesday Blitz December 20 Late 2022"]
[White "Jobava, Baadur"]
[Black "Nakamura, Hikaru"]
[WhiteFideId "13601520"]
[BlackFideId "2016192"]
[WhiteElo "2582"]
[BlackElo "2909"]
[Result "0-1"]
[Round "11"]
[TimeControl "180+1"]
[Date "2022.12.20"]
[WhiteClock "0:00:02"]
[BlackClock "0:00:26"]

1. b3 Nf6 2. Bb2 d5 3. d3 c5 4. Nd2 Nc6 5. Ngf3 g6 6. e4 d4 7. g3 Bg7 8. Bg2 e5 9. O-O O-O 10. a4 b6 11. Kh1 Ne8 12. Ng1 Bb7 13. f4 exf4 14. gxf4 f5 15. Nc4 Nd6 16. Nxd6 Qxd6 17. Nh3 Nb4 18. Qd2 Rae8 19. Rae1 Qd7 20. Nf2 Bh6 21. c3 dxc3 22. Qxc3 Bg7 23. Qc4+ Kh8 24. Bxg7+ Kxg7 25. exf5 Bxg2+ 26. Kxg2 Nd5 27. Ne4 gxf5 28. Ng3 Ne3+ 29. Rxe3 Rxe3 30. Rd1 Qd4 31. Qa6 Re7 32. Kh3 Kh8 33. Qc4 Rd7 34. Qe6 Qd6 35. Qe3 Qd5 36. Re1 Rd6 37. Qe5+ Qxe5 38. Rxe5 Rxd3 39. Kh4 Rxb3 40. Nxf5 c4 41. Nd6 c3 42. Kg5 c2 43. Kh6 Rh3+ 44. Kg5 c1=Q 0-1


[Site "https://www.chess.com"]

[Event "Titled Tuesday Blitz December 20 Late 2022"]
[White "Kamsky, Gata"]
[Black "Lazavik, Denis"]
[WhiteFideId "2000024"]
[BlackFideId "13515110"]
[WhiteElo "2666"]
[BlackElo "2484"]
[Result "1-0"]
[Round "11"]
[TimeControl "180+1"]
[Date "2022.12.20"]
[WhiteClock "0:00:16"]
[BlackClock "0:00:05"]

1. d4 d5 2. Nf3 Nf6 3. Bf4 c5 4. e3 Nc6 5. c3 Qb6 6. Qb3 c4 7. Qc2 Bf5 8. Qc1 e6 9. Nbd2 h6 10. Be2 Be7 11. Bd1 O-O 12. Bc2 Qd8 13. O-O b5 14. a3 a5 15. Ne5 Nxe5 16. Bxe5 Bxc2 17. Qxc2 Nd7 18. Bg3 Nb6 19. e4 Qd7 20. Nf3 b4 21. axb4 axb4 22. cxb4 Bxb4 23. Ne5 Qb7 24. b3 Rxa1 25. Rxa1 Rc8 26. exd5 exd5 27. bxc4 dxc4 28. Rb1 Nd5 29. h4 Qa6 30. Nxf7 Kxf7 31. Qf5+ Nf6 32. Rxb4 c3 33. Qc2 Qe6 34. Rb7+ Kg8 35. Qg6 Qe1+ 36. Kh2 Ne8 37. Qf7+ Kh7 38. Qf5+ 1-0


[Site "https://www.chess.com"]

[Event "Titled Tuesday Blitz December 20 Late 2022"]
[White "Kazakouski, Valery"]
[Black "Souleidis, Georgios"]
[WhiteFideId "13507443"]
[BlackFideId "4206827"]
[WhiteElo "2516"]
[BlackElo "2401"]
[Result "1/2-1/2"]
[Round "11"]
[TimeControl "180+1"]
[Date "2022.12.20"]
[WhiteClock "0:00:09"]
[BlackClock "0:00:05"]

1. Nf3 Nf6 2. c4 g6 3. g3 Bg7 4. Bg2 O-O 5. O-O d6 6. d4 Nc6 7. Nc3 e5 8. dxe5 Nxe5 9. b3 Re8 10. Bb2 Nxf3+ 11. Bxf3 c6 12. Qd2 Bg4 13. Bg2 Qe7 14. h3 Bf5 15. Rad1 Rad8 16. g4 Bc8 17. Ba3 Bf8 18. Qf4 Qe5 19. Qxe5 dxe5 20. Bc1 h6 21. Be3 a6 22. Na4 Kg7 23. Bb6 Rxd1 24. Rxd1 Nd7 25. Be3 f5 26. gxf5 gxf5 27. Kf1 f4 28. Bc1 Nc5 29. Nxc5 Bxc5 30. Bb2 Kf7 31. h4 Bf5 32. Bf3 Ke6 33. Bg2 Be7 34. h5 Rd8 35. Rxd8 Bxd8 36. Bf3 e4 37. Bg2 Bf6 38. Bc1 Bg5 39. Bb2 Bf6 40. Bc1 Bg5 41. Ba3 Be7 42. Bc1 Bg5 1/2-1/2


[Site "https://www.chess.com"]

[Event "Titled Tuesday Blitz December 20 Late 2022"]
[White "Kim, Sergey"]
[Black "Shapiro, Daniel"]
[WhiteFideId "13700570"]
[BlackFideId "2001780"]
[WhiteElo "2483"]
[BlackElo "2355"]
[Result "1-0"]
[Round "11"]
[TimeControl "180+1"]
[Date "2022.12.21"]
[WhiteClock "0:00:09"]
[BlackClock "0:00:13"]

1. d4 Nf6 2. c4 e6 3. Nc3 Bb4 4. Qc2 d5 5. a3 Be7 6. Nf3 O-O 7. e3 b6 8. cxd5 exd5 9. Bd3 c5 10. Ne5 Bb7 11. O-O Nc6 12. Nxc6 Bxc6 13. Qe2 Ne4 14. Rd1 Nxc3 15. bxc3 Bf6 16. a4 Re8 17. a5 c4 18. Bb1 bxa5 19. Ba3 Ba4 20. Re1 Rb8 21. Qf3 Rb3 22. Bc5 Bc6 23. Rc1 a4 24. Bc2 Rb7 25. Bxa4 Qd7 26. Bc2 Be7 27. Ba3 Ra8 28. h3 Bxa3 29. Rxa3 a5 30. Bf5 Qd6 31. Rca1 Rb3 32. Rxa5 Rxa5 33. Rxa5 Rxc3 34. g3 g6 35. Bc8 Rc1+ 36. Kg2 c3 37. Rc5 c2 38. Ba6 Ba4 39. Bd3 Rd1 40. Bxc2 Rc1 41. Bxa4 Rxc5 42. dxc5 Qxc5 43. Bb3 Kg7 44. Qxd5 1-0


[Site "https://www.chess.com"]

[Event "Titled Tuesday Blitz December 20 Late 2022"]
[White "Kleiman, Jake"]
[Black "Gurevich, Dmitry"]
[WhiteFideId "2020041"]
[BlackFideId "2000407"]
[WhiteElo "2658"]
[BlackElo "2506"]
[Result "1-0"]
[Round "11"]
[TimeControl "180+1"]
[Date "2022.12.20"]
[WhiteClock "0:01:43"]
[BlackClock "0:00:03"]

1. e4 c5 2. c3 Nf6 3. e5 Nd5 4. Bc4 e6 5. Nf3 Nc6 6. d4 cxd4 7. cxd4 d6 8. Qe2 dxe5 9. dxe5 Bb4+ 10. Nbd2 O-O 11. O-O Na5 12. Bd3 Nf4 13. Bxh7+ Kxh7 14. Qe4+ Ng6 15. Qxb4 b6 16. Qg4 Rh8 17. Ne4 Kg8 18. Bg5 Qe8 19. Nd6 Qf8 20. Rac1 Nxe5 21. Nxe5 Qxd6 22. Bf6 Qf8 23. Rc7 Rh7 24. Rxf7 Qxf7 25. Nxf7 Kxf7 26. Qe4 Rh6 27. Qxa8 Bb7 28. Qxa7 gxf6 29. Qxb6 Rg6 30. f3 1-0


[Site "https://www.chess.com"]

[Event "Titled Tuesday Blitz December 20 Late 2022"]
[White "Lacasa Diaz, Jose Antonio"]
[Black "Fiorito, Joaquin"]
[WhiteFideId "2203375"]
[BlackFideId "180173"]
[WhiteElo "2338"]
[BlackElo "2157"]
[Result "1-0"]
[Round "11"]
[TimeControl "180+1"]
[Date "2022.12.21"]
[WhiteClock "0:00:24"]
[BlackClock "0:01:39"]

1. e4 c6 2. d4 d5 3. e5 Bf5 4. Nf3 e6 5. Be2 c5 6. Be3 Qb6 7. c4 Qxb2 8. O-O Ne7 9. Nbd2 Nbc6 10. cxd5 Nxd5 11. Nc4 Qb4 12. Bd2 Nc3 13. Qe1 cxd4 14. Rc1 Be7 15. Bxc3 dxc3 16. Rxc3 O-O 17. Rb3 Qa4 18. Rxb7 Bc5 19. Nd6 Bxd6 20. exd6 Rfd8 21. Bb5 Qe4 22. Bxc6 Qxc6 23. Rxf7 Qxd6 24. Ne5 Bd3 25. Qe3 Bxf1 26. Rxg7+ Kh8 27. Qh6 Bd3 28. Nf7# 1-0


[Site "https://www.chess.com"]

[Event "Titled Tuesday Blitz December 20 Late 2022"]
[White "Leitao, Rafael"]
[Black "Makridis, Dimitrios"]
[WhiteFideId "2101246"]
[BlackFideId "25864475"]
[WhiteElo "2609"]
[BlackElo "2272"]
[Result "1-0"]
[Round "11"]
[TimeControl "180+1"]
[Date "2022.12.20"]
[WhiteClock "0:00:28"]
[BlackClock "0:00:07"]

1. c4 Nf6 2. Nc3 g6 3. g3 Bg7 4. Bg2 O-O 5. Nf3 d6 6. d4 Nc6 7. O-O e5 8. dxe5 dxe5 9. Qxd8 Rxd8 10. Bg5 h6 11. Bxf6 Bxf6 12. Nd5 Bg7 13. Nxc7 Rb8 14. e4 Bg4 15. Nd5 Rbc8 16. b3 Be6 17. Rad1 Kf8 18. h4 Kg8 19. h5 gxh5 20. Kh2 Bf8 21. Bh3 Kg7 22. Nh4 Bc5 23. f4 Bg4 24. Bxg4 hxg4 25. Nf5+ Kh7 26. Kg2 exf4 27. gxf4 Kg6 28. Rh1 h5 29. Rxh5 Rxd5 30. Rg5+ Kf6 31. Rxd5 Nb4 32. Rh5 Ke6 33. Rh6+ f6 34. Re5+ Kf7 35. Rh7+ Kg8 36. Rg7+ Kh8 37. Re6 Rf8 38. e5 Nd3 39. Kg3 Bf2+ 40. Kxg4 Be1 41. exf6 Nf2+ 42. Kf3 Nd3 43. f7 Bb4 44. Rh6# 1-0


[Site "https://www.chess.com"]

[Event "Titled Tuesday Blitz December 20 Late 2022"]
[White "Li, Hui"]
[Black "Tarnowska, Aleksandra"]
[WhiteFideId "15400310"]
[BlackFideId "1180967"]
[WhiteElo "1954"]
[BlackElo "1776"]
[Result "1-0"]
[Round "11"]
[TimeControl "180+1"]
[Date "2022.12.21"]
[WhiteClock "0:01:42"]
[BlackClock "0:00:02"]

1. e4 c5 2. Nf3 e6 3. d4 cxd4 4. Nxd4 a6 5. c4 Nf6 6. Nc3 Bb4 7. Bd3 Nc6 8. Nxc6 dxc6 9. e5 Qa5 10. exf6 Bxc3+ 11. bxc3 Qxc3+ 12. Bd2 Qxd3 13. fxg7 Qe4+ 14. Qe2 Qxe2+ 15. Kxe2 Rg8 16. Bc3 Bd7 17. Bf6 b5 18. Rhd1 c5 19. Rd6 e5 20. Rad1 Ra7 21. Rb6 Ra8 22. Rb7 Be6 23. Re7# 1-0


[Site "https://www.chess.com"]

[Event "Titled Tuesday Blitz December 20 Late 2022"]
[White "Liu, Kelsey"]
[Black "aidenzhouu"]
[WhiteFideId "30944481"]
[WhiteElo "2297"]
[BlackElo "2388"]
[Result "0-1"]
[Round "11"]
[TimeControl "180+1"]
[Date "2022.12.21"]
[WhiteClock "0:00:04"]
[BlackClock "0:00:19"]

1. e4 c6 2. d4 g6 3. Nc3 Bg7 4. Nf3 d5 5. e5 Bg4 6. h3 Bxf3 7. Qxf3 e6 8. Be3 Ne7 9. Bd3 Nd7 10. g4 h5 11. O-O-O Qa5 12. Kb1 a6 13. Bd2 Qc7 14. Rhg1 c5 15. gxh5 Rxh5 16. dxc5 Nxe5 17. Qg3 Qxc5 18. Be2 Nf5 19. Qg2 O-O-O 20. Bxh5 gxh5 21. Be3 Qb4 22. a3 Qa5 23. Bd4 Nxd4 24. Qxg7 Ndc6 25. Na2 Nc4 26. Qc3 Qb6 27. Rg7 Qxf2 28. Nb4 Nxb4 29. Qxb4 Qf6 30. Rg3 Rd6 31. Rc3 Rc6 32. Rdd3 Qf1+ 33. Ka2 Qc1 34. Rf3 f5 35. Qf8+ Kc7 36. Qe7+ Kb8 37. Qb4 Rb6 38. Qf8+ Ka7 39. Rb3 Qxc2 40. Rxb6 Kxb6 41. Qb4+ Ka7 42. Rg3 Nd2 43. Rg1 Qc4+ 44. Qxc4 Nxc4 45. Kb3 f4 46. Kc3 Kb6 47. Rg5 e5 48. Rxh5 Kc5 49. Rg5 e4 50. h4 f3 51. Rg1 d4+ 52. Kc2 Ne3+ 53. Kd2 f2 54. Rh1 f1=Q 55. Rxf1 Nxf1+ 56. Ke2 Ng3+ 0-1


[Site "https://www.chess.com"]

[Event "Titled Tuesday Blitz December 20 Late 2022"]
[White "Makarian, Rudik"]
[Black "Bortnyk, Olexandr"]
[WhiteFideId "44105681"]
[BlackFideId "14120828"]
[WhiteElo "2440"]
[BlackElo "2723"]
[Result "1/2-1/2"]
[Round "11"]
[TimeControl "180+1"]
[Date "2022.12.20"]
[WhiteClock "0:00:08"]
[BlackClock "0:00:06"]

1. d4 d6 2. Nf3 Nf6 3. c4 g6 4. Nc3 Bf5 5. h3 Ne4 6. Nd5 c6 7. Ne3 Qa5+ 8. Nd2 Bh6 9. Nxf5 gxf5 10. e3 f4 11. exf4 Bxf4 12. Bd3 Nxd2 13. Bxd2 Bxd2+ 14. Qxd2 Qxd2+ 15. Kxd2 Nd7 16. Rae1 e6 17. f4 Ke7 18. g4 h6 19. h4 Rag8 20. g5 hxg5 21. hxg5 d5 22. c5 Nf8 23. b4 a6 24. a4 f6 25. Rxh8 Rxh8 26. g6 Rh2+ 27. Kc3 Rg2 28. f5 Rg3 29. Kd2 Kd7 30. fxe6+ Ke7 31. b5 axb5 32. axb5 Nxg6 33. Bxg6 Rxg6 34. Ra1 Kxe6 35. Ra7 Rg2+ 36. Kc3 Rg3+ 37. Kc2 Rg4 38. Kc3 Rg3+ 39. Kc2 Rg2+ 40. Kc3 Rg3+ 1/2-1/2


[Site "https://www.chess.com"]

[Event "Titled Tuesday Blitz December 20 Late 2022"]
[White "Martinez Reyes, Pedro Ramon"]
[Black "Sarana, Alexey"]
[WhiteFideId "3901807"]
[BlackFideId "24133795"]
[WhiteElo "2354"]
[BlackElo "2708"]
[Result "0-1"]
[Round "11"]
[TimeControl "180+1"]
[Date "2022.12.20"]
[WhiteClock "0:00:02"]
[BlackClock "0:00:52"]

1. e4 c5 2. Nf3 d6 3. Bb5+ Bd7 4. c4 Nc6 5. Nc3 e5 6. O-O Nge7 7. d3 Ng6 8. Nd5 Be7 9. a3 O-O 10. b4 f5 11. bxc5 dxc5 12. Bxc6 Bxc6 13. exf5 Rxf5 14. Qb3 Bd6 15. Nd2 Nf4 16. Ne4 Ne2+ 17. Kh1 Qh4 18. h3 Rf3 19. Kh2 Qxe4 20. Qxb7 Bxb7 21. dxe4 Rd3 22. Be3 Ba6 23. Rfe1 Nd4 24. Bxd4 cxd4 25. c5 Bxc5 26. Rac1 Bb6 27. Rc6 Bb7 0-1


[Site "https://www.chess.com"]